 Dungeon Crawl Stone Soup version 0.27-a0-32-g443bf2d2ca (webtiles) character file.

Game seed: 13000830358476006066

103 DocSulfur the Ruffian (level 4, -11/36 HPs)
             Began as a Draconian Transmuter on Jan 4, 2021.
             Mangled by an ogre
             ... wielding a +0 giant club
              (21 damage)
             ... on level 4 of the Dungeon.
             The game lasted 00:04:59 (3640 turns).

DocSulfur the Ruffian (Draconian Transmuter)        Turns: 3640, Time: 00:05:00

Health: -11/36     AC:  5    Str: 13    XL:     4   Next: 51%
Magic:  6/7        EV: 12    Int: 13    God:
Gold:   200        SH:  0    Dex: 12    Spells: 5/8 levels left

rFire    . . .     SeeInvis .     - Unarmed
rCold    . . .     Faith    .   (no shield)
rNeg     . . .     Spirit   .   (armour unavailable)
rPois    .         Reflect  .   (helmet currently unavailable)
rElec    .         Harm     .   (no cloak)
rCorr    .         Rampage  .   (no gloves)
Will     .....                  (boots currently unavailable)
Stlth    +.........             (no amulet)
HPRegen  0.12/turn              (no ring)
MPRegen  0.10/turn              (no ring)

@: appendages (expiring)
A: unfitting armour, horns 2, talons 2, cold-blooded, AC +5
a: End Transformation


You were on level 4 of the Dungeon.
You had grown temporary horns.
You had grown temporary talons.
You visited 1 branch of the dungeon, and saw 4 of its levels.

You collected 200 gold pieces.

Inventory:

Scrolls
 c - a scroll of teleportation
 g - 2 scrolls of amnesia
 h - 2 scrolls of remove curse
 o - a scroll of fear
Potions
 a - a potion of mutation
 b - a potion of might
 d - a potion of resistance {unknown}
 e - a potion of heal wounds
 f - a potion of ambrosia {unknown}
 i - a potion of curing {unknown}


   Skills:
 + Level 2.2 Fighting
 - Level 1.7 Dodging
 * Level 3.9 Unarmed Combat
 + Level 2.5 Spellcasting
 * Level 3.2 Transmutations


You had 5 spell levels left.
You knew the following spells:

 Your Spells              Type           Power        Failure   Level
a - Beastly Appendage     Tmut           18%          6%          1
b - Wereblood             Tmut           9%           10%         2

Your spell library contained the following spells:

 Spells                   Type           Power        Failure   Level
 Spider Form              Tmut/Pois      2%           36%         3
 Ice Form                 Ice/Tmut       5%           77%         4
 Blade Hands              Tmut           4%           87%         5


Dungeon Overview and Level Annotations

Branches:
Dungeon (4/15)
 Temple: D:4-7

Altars:
Nemelex Xobeh

Annotations:
D:3 2 transporters, mokwee's ghost, amateur OpVM


Innate Abilities, Weirdness & Mutations

Your plain brown scales are hard. (AC +5)
You cannot fit into any form of body armour.
You are cold-blooded and may be slowed by cold attacks.
You have a pair of horns on your head.
You have razor-sharp toenails.


Message History

You are too injured to fight recklessly!
You are too injured to fight recklessly!
You are too injured to fight recklessly!
You hit the ogre. You claw the ogre!
You headbutt the ogre, but do no damage.
You tail-slap the ogre.
The ogre is moderately wounded.
The ogre misses you.
You hit the ogre. You tail-slap the ogre.
The ogre is heavily wounded.
You hit the ogre.
You tail-slap the ogre, but do no damage.
The ogre is severely wounded.
The ogre hits you with a +0 giant club!
* * * LOW HITPOINT WARNING * * *
You punch the ogre! You claw the ogre.
The ogre is almost dead.
The ogre hits you with a +0 giant club!!
Ouch! That really hurt!
You die...

.# #. . . ##
.#. ## .......
.#.#. .Z. #O#
#@# #.# #.#
#.############
#...........<.#
.. ####
#####.#######.#
.. ..# #.#
#.#### .## #.#
#.##### #.....
..###.#######
#.....# #..##.


You could see an ogre and a bullfrog skeleton.

Vanquished Creatures
  An adder (D:2)
  An ooze (D:1)
  2 worms
  5 dart slugs
  2 leopard geckos
  8 bats
  6 giant cockroaches
  8 goblins
  11 hobgoblins
  2 quokkas
  4 frilled lizards
  A jackal skeleton (D:4)
  10 kobolds
  6 rats
67 creatures vanquished.

Notes
Turn   | Place    | Note
-------+----------+-------------------------------------------
     0 | D:1      | DocSulfur the Draconian Transmuter began the quest for the
                  | Orb.
     0 | D:1      | Reached XP level 1. HP: 16/16 MP: 3/3
   224 | D:1      | Reached XP level 2. HP: 20/23 MP: 3/5
   755 | D:1      | Reached XP level 3. HP: 24/28 MP: 4/6
  1762 | D:2      | Reached XP level 4. HP: 35/36 MP: 7/7
  1975 | D:2      | Learned a level 2 spell: Wereblood
  2450 | D:3      | Found a sparkling altar of Nemelex Xobeh.
  2722 | D:3      | Found a faded altar of an unknown god.
  3190 | D:3      | Found a transporter.
  3193 | D:3      | Noticed mokwee's ghost (amateur OpVM)
  3286 | D:3      | Found a transporter.
  3632 | D:4      | Noticed an ogre
  3640 | D:4      | Mangled by an ogre

Illustrated notes

Levels and vault maps discovered:
D:1:      dpeg_arrival_brainrot, layout_basic
D:2:      layout_loops_cross
D:3:      layout_loops_corners, chequers_ecumenical_altar_twisty,
          gammafunk_ghost_arena, nemelex_diamond_rough_becter
D:4:      minmay_spotlight, layout_loops_corners, nzn_hepliaklqana_mist_gate,
          kennysheep_mini_moat, minmay_temple_entry_stoned_glass

Skill      XL: |  1  2  3  4 |
---------------+-------------+-----
Transmutations | 3 |  3.2
Fighting       | 2 |  2.2
Dodging        | |  1.7
Unarmed Combat | |  3.9
Spellcasting   | |  2.5

Action                   |  1- 3 |  4- 6 || total
-------------------------+-------+-------++-------
Melee: Unarmed           |   126 |   104 ||   230
       Kick              |    17 |     3 ||    20
       Headbutt          |    10 |     1 ||    11
       Tailslap          |    12 |    12 ||    24
       Punch             |     2 |     1 ||     3
 Cast: Beastly Appendage |    26 |     2 ||    28
       Wereblood         |       |     1 ||     1
  Use: Scroll            |       |     8 ||     8
       Potion            |       |     6 ||     6
 Stab: Sleeping          |     1 |       ||     1
Armor: Skin              |    40 |    86 ||   126
Dodge: Dodged            |    80 |   155 ||   235

Table legend: (Time is in decaauts)
 A = Elapsed time spent in this place.
 B = Non-inter-level travel time spent in this place.
 C = Inter-level travel time spent in this place.
 D = Time resting spent in this place.
 E = Time spent auto-exploring this place.
 F = Levels seen in this place.
 G = Mean time per level.
                   A        B        C        D        E       F      G
               +--------+--------+--------+--------+--------+-----+--------+
         Total |   3604 |   3565 |     39 |      0 |   2932 |   4 |  901.0 |
       Dungeon |   3604 |   3565 |     39 |      0 |   2932 |   4 |  901.0 |
               +--------+--------+--------+--------+--------+-----+--------+

Top non-repeatable levels by time:
     D:1: 1276 daAuts
     D:2: 1079 daAuts
     D:3: 1050 daAuts
     D:4: 198 daAuts
